 Dungeon Crawl Stone Soup version 0.21-a0-584-g185da8e (webtiles) character file.

39152 M4edhros the Martial Artist (level 14, -2/135 HPs)
             Began as an Octopode Artificer on Dec 21, 2017.
             Was the Champion of Cheibriados.
             Slain by a death yak (13 damage)
             ... on level 6 of the Lair of Beasts.
             The game lasted 01:09:11 (8930 turns).

M4edhros the Martial Artist (Octopode Artificer)    Turns: 8930, Time: 01:09:12

Health: -2/135     AC: 34    Str: 34    XL:     14   Next: 5%
Magic:  0/22       EV:  2    Int: 29    God:    Cheibriados [******]
Gold:   687        SH:  0    Dex: 35    Spells: 4/27 levels left

rFire    + . .     SeeInvis .   K - +0 quarterstaff of the Lurker {protect, Str+3}
rCold    + . .     Gourm    .   (shield currently unavailable)
rNeg     + + +     Faith    .   (helmet currently unavailable)
rPois    +         Spirit   +   h - amulet of guardian spirit
rElec    .         Reflect  .   s - ring of protection from magic
rCorr    .         Harm     .   x - ring of positive energy
MR       ++...     Clarity  +   G - +5 ring of evasion Stlth ++++++....NoTele +
                                R - ring of protection from fire
HPRegen  0.32/turn              T - ring of protection from cold
MPRegen  0.18/turn              (no ring)
                                (no ring)
                                (no ring)

@: mighty, agile, tree-form, protection aura, very slightly contaminated, very
slow
A: almost no armour, stealthy swim, (amphibious), 8 rings, (constrict 8),
clarity, clumsy 1, low mp 1, screaming 1
a: Bend Time, Temporal Distortion, Slouch, Step From Time, Renounce Religion


You were on level 6 of the Lair of Beasts.
You worshipped Cheibriados.
Cheibriados was exalted by your worship.
You were not hungry.
You were a tree.
You visited 3 branches of the dungeon, and saw 19 of its levels.
You also visited: Sewer and Ossuary.

You collected 1212 gold pieces.
You spent 525 gold pieces at shops.

Inventory:

Hand Weapons
 a - a +0 short sword
 g - a +0 spear of piercing
 k - a +0 dagger of speed
 u - a +0 flail of protection
 E - the +9 glaive "Xeadugeff" {pain, rN+, unknown}
   (You found it on level 2 of the Lair of Beasts)

   In the hands of one skilled in necromantic magic, it inflicts extra damage on
   living creatures.
   It protects you from negative energy.
 I - a +1 whip of electrocution
 K - the +0 quarterstaff of the Lurker (weapon) {protect, Str+3}
   (You found it on level 7 of the Dungeon)

   It protects the one who uses it against injury (+AC on strike).
   It affects your strength (+3).
 P - a +0 blowgun
Missiles
 H - 6 javelins of penetration (quivered)
 L - 6 throwing nets
 Q - 4 curare-tipped needles
Armour
 l - a +0 shield
 D - a +0 shield
Jewellery
 c - an uncursed ring of ice
 h - an amulet of guardian spirit (around neck)
 s - a ring of protection from magic (left branch)
 x - a ring of positive energy (right branch)
 F - an uncursed ring of loudness
 G - a +5 ring of evasion (on tentacle)
 O - an uncursed amulet of the gourmand
 R - a ring of protection from fire (on tentacle)
 T - a ring of protection from cold (on tentacle)
 Z - an uncursed ring of protection from magic
Wands
 b - a wand of flame (16)
 A - a wand of digging (14)
 N - a wand of polymorph (17)
Scrolls
 d - 3 scrolls of identify
 e - 10 scrolls of remove curse
 j - a scroll of blinking
 m - 4 scrolls of teleportation
 q - 2 scrolls of enchant armour
 C - 4 scrolls of magic mapping
 S - a scroll of fear
 W - a scroll of fog
Potions
 i - 3 potions of might
 n - a potion of agility
 p - 5 potions of haste
 t - a potion of flight
 v - 2 potions of brilliance
 B - a potion of invisibility {unknown}
 J - a potion of lignification
 X - a potion of cancellation {unknown}
Books
 r - a book of Maledictions

   Spells                             Type                      Level
   a - Corona                         Hexes                        1
   b - Ensorcelled Hibernation        Hexes/Ice                    2
   c - Confuse                        Hexes                        3
   d - Tukima's Dance                 Hexes                        3
   e - Dazzling Spray                 Conjuration/Hexes            3
 w - a book of Flames

   Spells                             Type                      Level
   a - Flame Tongue                   Conjuration/Fire             1
   b - Throw Flame                    Conjuration/Fire             2
   c - Conjure Flame                  Conjuration/Fire             3
   d - Inner Flame                    Hexes/Fire                   3
   e - Sticky Flame                   Conjuration/Fire             4
   f - Fireball                       Conjuration/Fire             5
 y - a book of Clouds

   Spells                             Type                      Level
   a - Poisonous Vapours              Poison/Air                   2
   b - Mephitic Cloud                 Conjuration/Poison/Air       3
   c - Conjure Flame                  Conjuration/Fire             3
   d - Freezing Cloud                 Conjuration/Ice/Air          6
   e - Ring of Flames                 Charms/Fire                  7
 z - a book of Necromancy

   Spells                             Type                      Level
   a - Pain                           Necromancy                   1
   b - Animate Skeleton               Necromancy                   1
   c - Vampiric Draining              Necromancy                   3
   d - Regeneration                   Charms/Necromancy            3
   e - Animate Dead                   Necromancy                   4
   f - Control Undead                 Necromancy                   4
 U - a book of the Earth

   Spells                             Type                      Level
   a - Leda's Liquefaction            Hexes/Earth                  4
   b - Bolt of Magma                  Conjuration/Fire/Earth       5
   c - Statue Form                    Transmutation/Earth          6
   d - Iron Shot                      Conjuration/Earth            6
   e - Shatter                        Earth                        9
 V - Ceget's Compendium of Doomed Conjuration
   (You found it on level 5 of the Lair of Beasts)

   Spells                             Type                      Level
   a - Magic Dart                     Conjuration                  1
   b - Corpse Rot                     Necromancy                   2
   c - Animate Dead                   Necromancy                   4
   d - Irradiate                      Conjuration/Transmutation    5
   e - Bolt of Draining               Conjuration/Necromancy       5
 Y - the Handbook of Boosting Slavery
   (You found it on level 6 of the Lair of Beasts)

   Spells                             Type                      Level
   a - Song of Slaying                Charms                       2
   b - Regeneration                   Charms/Necromancy            3
   c - Summon Forest                  Summoning/Translocation      5
   d - Malign Gateway                 Summoning/Translocation      7
Comestibles
 f - 28 rations


   Skills:
 - Level 6.1 Fighting
 - Level 1.0 Short Blades
 - Level 7.5 Dodging
 - Level 9.5 Stealth
 - Level 4.9 Shields
 - Level 10.0 Unarmed Combat
 + Level 7.2 Spellcasting
 - Level 4.8 Conjurations
 - Level 4.3 Charms
 - Level 4.3 Necromancy
 * Level 5.7 Transmutations
 - Level 4.9 Fire Magic
 - Level 4.2 Air Magic
 * Level 5.7 Earth Magic
 - Level 6.7 Invocations
 - Level 8.0 Evocations


You had 4 spell levels left.
You knew the following spells:

 Your Spells              Type           Power        Failure   Level  Hunger
a - Conjure Flame         Conj/Fire      #####...     1%          3    None
b - Sticky Flame          Conj/Fire      #####...     7%          4    ##.....
c - Statue Form           Tmut/Erth      #####....    58%         6    ######.
d - Mephitic Cloud        Conj/Pois/Air  ####....     4%          3    None
e - Regeneration          Chrm/Necr      #####.....   2%          3    None
f - Animate Dead          Necr           N/A          9%          4    ##.....


Dungeon Overview and Level Annotations

Branches:
Dungeon (12/15)            Temple (1/1) D:7            Lair (6/6) D:8
  Swamp (0/4) Lair:3       Spider (0/4) Lair:2          Orc (0/2) D:11
  Slime: Lair:5-6

Altars:
Ashenzari
Cheibriados
Dithmenos
Elyvilon
Gozag
Okawaru
Ru
Xom
Yredelemnul
Zin

Shops:
D:7 !   D:8 :(   D:9 [

Annotations:
D:4 Blork the orc, Dowan, Duvessa


Innate Abilities, Weirdness & Mutations

You cannot wear most types of armour.
You are very stealthy in the water. (Stealth+)
((You are amphibious.))
You can wear up to eight rings at the same time.
((You can use your tentacles to constrict eight enemies at once.))
((Your skin changes colour to match your surroundings (Stealth+).))
((Your rubbery body absorbs attacks. (AC +1, EV +1)))
You possess an exceptional clarity of mind.
You are clumsy. (Dex -2)
Your magical capacity is low. (-10% MP)
You occasionally shout uncontrollably at your foes.


Message History

You barely miss the death yak.
The death yak is heavily wounded.
The death yak gores you but does no damage. x2
You barely miss the death yak.
The death yak is heavily wounded.
The death yak gores you.
* * * LOW HITPOINT WARNING * * *
The death yak gores you but does no damage. x2
You sock the death yak!
Your weapon exudes an aura of protection.
The death yak is severely wounded.
The death yak gores you but does no damage.
The death yak gores you.
* * * LOW HITPOINT WARNING * * *
The death yak gores you but does no damage.
You sock the death yak!
The death yak is severely wounded.
The death yak gores you but does no damage.
The death yak gores you!
You die...

.........##..##...#...##.##
.............###..#.#.#...##
.........#.#.###......#....#
..........#...##..........#.
#.#....#..#...##.#..........
##.........#####..Z#.....P
##...#....# ##..#.#.#..
#######.Y## ######..Z...
##♣..###.####...#..
#..Y.##.....#...#..
##...##.....#####..
#....##.....#......
###...#.....#......
#....##..........#
##...##...#.#....#
#...#...#.......##
#......#...#.#..##


You could see 2 death yaks.

Vanquished Creatures
  Fannar (D:11)
  6 hydras
  A catoblepas (Lair:6)
  5 two-headed ogres
  3 death yaks (Lair:6)
  Sonja (Lair:2)
  The ghost of mortelune the Cudgeler, a novice DsAK of Lugonu (D:6)
  A manticore (Lair:6)
  Maurice (D:9)
  4 black mambas
  6 spiny frogs
  A gargoyle (D:10)
  A torpor snail (Lair:1)
  2 rime drakes (Lair:6)
  6 komodo dragons
  A troll (D:10)
  2 tyrant leeches (Lair:3)
  Prince Ribbit (Lair:3)
  3 dream sheep (Lair:6)
  5 blink frogs
  4 hippogriffs
  3 wraiths (D:11)
  A wyvern (D:10)
  Sigmund (D:6)
  A redback (Lair:2)
  Grum (Lair:1)
  21 yaks
  4 basilisks
  A human (D:11)
  A warg (D:10)
  5 swamp worms
  11 water moccasins
  9 porcupines
  6 ice beasts
  3 black bears
  3 phantoms
  3 orc warriors
  4 sky beasts
  A necrophage (D:6)
  4 wolves
  An eye of draining (D:10)
  6 ogres
  10 centaurs
  14 crocodiles
  An elf zombie (D:11)
  7 bullfrogs
  A big kobold (D:8)
  A gnoll sergeant (D:10)
  An elf skeleton (D:7)
  2 scorpions
  4 killer bees (D:9)
  7 wights
  A howler monkey (D:8)
  3 crimson imps
  2 bullfrog zombies
  3 centaur zombies (Ossuary)
  2 quasits (D:6)
  7 hounds
  5 human zombies
  8 orc priests
  2 iguanas
  2 centaur skeletons
  2 human skeletons
  13 orc wizards
  8 hell rats
  9 worker ants
  A big kobold zombie (Ossuary)
  A hound zombie (D:6)
  A hound skeleton (D:7)
  7 mummies
  2 worker ant zombies
  9 gnolls
  12 adders
  6 river rats (Lair:1)
  6 shadow imps
  An ooze (D:3)
  2 adder zombies
  23 worms
  2 dart slugs
  3 leopard geckos
  42 orcs
  6 giant cockroaches
  11 goblins
  4 hobgoblins
  8 jackals
  6 quokkas
  3 ball pythons (Sewer)
  5 bats
  13 frilled lizards
  4 hobgoblin zombies (Ossuary)
  8 kobolds
  2 orc skeletons (D:7)
  An orc zombie (D:7)
  17 rats
  A fungus (Lair:6)
  3 plants
471 creatures vanquished.

Vanquished Creatures (collateral kills)
  A hydra (Lair:6)
  A catoblepas (Lair:6)
  A lindwurm (Lair:6)
  A manticore (Lair:6)
  3 elephants (Lair:4)
  3 spiny frogs
  A komodo dragon (Lair:6)
  A rime drake (Lair:6)
  2 dream sheep (Lair:6)
  5 yaks
  A wyvern (Lair:4)
  3 water moccasins
  An orc warrior (D:8)
  A crocodile (Lair:6)
  A hound (D:9)
  An orc priest (D:8)
  An orc wizard (D:7)
  An orc (D:8)
  A goblin (D:2)
  4 fungi
  5 plants (Lair:6)
39 creatures vanquished.

Vanquished Creatures (others)
  A sky beast (D:8)
  A centaur (D:10)
  An orc (D:11)
  15 fungi (Lair:6)
  16 plants
34 creatures vanquished.

Grand Total: 544 creatures vanquished

Notes
Turn   | Place    | Note
-------+----------+-------------------------------------------
     0 | D:1      | M4edhros the Octopode Artificer began the quest for the Orb.
     0 | D:1      | Reached XP level 1. HP: 13/13 MP: 3/3
   167 | D:1      | Reached skill level 1 in Unarmed Combat
   167 | D:1      | Reached XP level 2. HP: 18/18 MP: 4/4
   386 | D:3      | Reached XP level 3. HP: 15/23 MP: 2/5
   469 | D:3      | Reached skill level 2 in Unarmed Combat
   581 | D:3      | Found a glowing drain.
   590 | D:3      | Reached XP level 4. HP: 12/28 MP: 3/6
   595 | Sewer    | Entered a sewer
   889 | D:3      | Reached skill level 5 in Stealth
   889 | D:3      | Reached skill level 3 in Unarmed Combat
   889 | D:3      | Reached XP level 5. HP: 14/33 MP: 3/7
   982 | D:4      | Learned a level 3 spell: Conjure Flame
  1018 | D:4      | Noticed Dowan
  1018 | D:4      | Noticed Duvessa
  1231 | D:4      | Noticed Blork the orc
  1258 | D:5      | Entered Level 5 of the Dungeon
  1347 | D:4      | Found an iron altar of Okawaru.
  1391 | D:5      | Reached XP level 6. HP: 33/38 MP: 8/8
  1424 | D:5      | Reached skill level 4 in Unarmed Combat
  1626 | D:5      | Noticed an angel
  1628 | D:5      | Found a glowing silver altar of Zin.
  1630 | D:5      | Found a shimmering altar of Xom.
  1655 | D:5      | Found a shadowy altar of Dithmenos.
  1774 | D:6      | Reached XP level 7. HP: 32/43 MP: 9/9
  1806 | D:6      | Noticed mortelune's ghost (novice DsAK)
  1943 | D:6      | Reached skill level 5 in Unarmed Combat
  1943 | D:6      | Reached skill level 1 in Spellcasting
  1943 | D:6      | Reached skill level 1 in Conjurations
  1943 | D:6      | Reached skill level 1 in Fire Magic
  2046 | D:6      | Killed mortelune's ghost
  2046 | D:6      | Reached XP level 8. HP: 31/47 MP: 9/11
  2352 | D:7      | Got a crude quarterstaff
  2357 | D:7      | Identified the cursed +0 quarterstaff of the Lurker {protect, Str+3} (You found it on level 7 of the Dungeon)
  2416 | D:7      | Found a staircase to the Ecumenical Temple.
  2435 | Temple   | Entered the Ecumenical Temple
  2456 | Temple   | Became a worshipper of Cheibriados the Contemplative
  2554 | D:7      | Found Meumu's Distillery.
  2575 | D:7      | Bought a potion of might for 52 gold pieces
  2575 | D:7      | Bought 2 potions of agility for 104 gold pieces
  2575 | D:7      | Bought a potion of lignification for 39 gold pieces
  2584 | D:7      | Reached XP level 9. HP: 29/52 MP: 13/13
  2640 | D:7      | Reached skill level 6 in Unarmed Combat
  2717 | D:7      | Found a sand-covered staircase.
  2722 | Ossuary  | Entered an ossuary
  2740 | Ossuary  | Learned a level 4 spell: Sticky Flame
  2789 | Ossuary  | Reached * piety under Cheibriados
  2801 | Ossuary  | Reached skill level 5 in Evocations
  2926 | D:7      | Gained mutation: You have supernaturally acute eyesight. (SInv) [potion of mutation]
  2926 | D:7      | Gained mutation: You are occasionally teleported next to monsters. [potion of mutation]
  2926 | D:7      | Gained mutation: You possess an exceptional clarity of mind. [potion of mutation]
  2927 | D:7      | Lost mutation: You possess an exceptional clarity of mind. [potion of mutation]
  2927 | D:7      | Lost mutation: You are occasionally teleported next to monsters. [potion of mutation]
  2927 | D:7      | Lost mutation: You have supernaturally acute eyesight. (SInv) [potion of mutation]
  2927 | D:7      | Gained mutation: Your flesh is cold resistant. (rC+) [potion of mutation]
  2927 | D:7      | Gained mutation: You are partially covered in molten scales. (AC +2) [potion of mutation]
  2928 | D:7      | Lost mutation: Your flesh is cold resistant. (rC+) [potion of mutation]
  2928 | D:7      | Lost mutation: You are partially covered in molten scales. (AC +2) [potion of mutation]
  2928 | D:7      | Gained mutation: You occasionally shout uncontrollably at your foes. [potion of mutation]
  2928 | D:7      | Gained mutation: You are clumsy. (Dex -2) [potion of mutation]
  2928 | D:7      | Gained mutation: Your magical capacity is low. (-10% MP) [potion of mutation]
  2928 | D:7      | Gained mutation: You possess an exceptional clarity of mind. [potion of mutation]
  3062 | D:6      | Noticed Sigmund
  3067 | D:6      | Killed Sigmund
  3448 | D:2      | Reached ** piety under Cheibriados
  3837 | D:8      | Reached XP level 10. HP: 13/63 MP: 5/14
  3953 | D:8      | Noticed a two-headed ogre
  3961 | D:8      | Reached *** piety under Cheibriados
  3971 | D:8      | Found a shattered altar of Ashenzari.
  3982 | D:8      | Killed a two-headed ogre
  3982 | D:8      | Reached skill level 1 in Invocations
  3987 | D:8      | Found a white marble altar of Elyvilon.
  3993 | D:8      | Found a shadowy altar of Dithmenos.
  4100 | D:8      | Noticed a two-headed ogre
  4106 | D:8      | Killed a two-headed ogre
  4135 | D:8      | Found Cawuig's Antique Weapon Shoppe.
  4244 | D:8      | Reached skill level 7 in Unarmed Combat
  4308 | D:9      | Found Xinaar's Armour Shoppe.
  4346 | D:9      | Noticed a two-headed ogre
  4355 | D:9      | Killed a two-headed ogre
  4355 | D:9      | Reached skill level 1 in Shields
  4355 | D:9      | Reached **** piety under Cheibriados
  4382 | D:9      | Found an opulent altar of Gozag.
  4436 | D:10     | Entered Level 10 of the Dungeon
  4491 | D:10     | Reached skill level 5 in Dodging
  4491 | D:10     | Reached XP level 11. HP: 43/70 MP: 15/15
  4522 | D:10     | Reached skill level 8 in Unarmed Combat
  4551 | D:10     | HP: 3/70 [phantom (6)]
  4647 | D:9      | Noticed Maurice
  4658 | D:9      | Killed Maurice
  4788 | D:10     | Learned a level 3 spell: Dazzling Spray
  4856 | D:10     | Reached skill level 5 in Fighting
  4888 | D:10     | Noticed a two-headed ogre
  4904 | D:10     | Killed a two-headed ogre
  4928 | D:10     | Reached ***** piety under Cheibriados
  4977 | D:11     | Noticed a four-headed hydra
  5029 | D:11     | Noticed Fannar
  5109 | D:11     | Reached skill level 5 in Invocations
  5112 | D:11     | Killed Fannar
  5177 | D:11     | Found a staircase to the Orcish Mines.
  5192 | D:11     | Reached skill level 9 in Unarmed Combat
  5200 | D:11     | Killed a four-headed hydra
  5422 | D:11     | Learned a level 3 spell: Mephitic Cloud
  5484 | D:11     | Reached XP level 12. HP: 48/77 MP: 12/16
  5503 | D:11     | Found a basalt altar of Yredelemnul.
  5621 | D:12     | Noticed a two-headed ogre
  5626 | D:11     | Killed a two-headed ogre
  5626 | D:11     | Reached skill level 1 in Air Magic
  5952 | D:8      | Found Rusk's Book Emporium.
  5958 | D:8      | Bought a book of Necromancy for 330 gold pieces
  5962 | D:8      | Learned a level 3 spell: Regeneration
  6091 | D:8      | Found a staircase to the Lair.
  6117 | Lair:1   | Entered Level 1 of the Lair of Beasts
  6191 | Lair:1   | Noticed Grum
  6195 | Lair:1   | Killed Grum
  6537 | Lair:2   | Reached ****** piety under Cheibriados
  6674 | Lair:2   | Got an ichor-stained glaive
  6759 | Lair:2   | Reached skill level 1 in Charms
  6759 | Lair:2   | Reached skill level 1 in Necromancy
  6824 | Lair:1   | Noticed an eight-headed hydra
  6828 | Lair:1   | Killed an eight-headed hydra
  6977 | Lair:2   | Noticed Sonja
  6986 | Lair:2   | Found a hole to the Spider Nest.
  6987 | Lair:2   | Killed Sonja
  7112 | Lair:3   | Found a staircase to the Swamp.
  7119 | Lair:3   | HP: 2/79 [tyrant leech (25)]
  7297 | Lair:3   | Reached skill level 5 in Spellcasting
  7314 | Lair:3   | Reached skill level 10 in Unarmed Combat
  7320 | Lair:3   | Learned a level 4 spell: Animate Dead
  7445 | Lair:3   | Noticed a seven-headed hydra
  7547 | Lair:3   | Killed a seven-headed hydra
  7575 | Lair:3   | Noticed Prince Ribbit
  7577 | Lair:3   | Killed Prince Ribbit
  7577 | Lair:3   | Reached XP level 13. HP: 83/83 MP: 10/18
  8059 | Lair:5   | Learned a level 6 spell: Statue Form
  8196 | Lair:5   | Reached skill level 1 in Transmutations
  8196 | Lair:5   | Reached skill level 1 in Earth Magic
  8265 | Lair:5   | Identified Ceget's Compendium of Doomed Conjuration
  8296 | Lair:6   | Entered Level 6 of the Lair of Beasts
  8707 | Lair:6   | Reached skill level 5 in Transmutations
  8707 | Lair:6   | Reached skill level 5 in Earth Magic
  8723 | Lair:6   | Identified the Handbook of Boosting Slavery
  8830 | Lair:6   | Reached XP level 14. HP: 53/90 MP: 3/22
  8930 | Lair:6   | Slain by a death yak

Vault maps used:
D:1:      lemuel_arrival_river_bridge, grunt_decor_arrowhead
D:2:      uniq_terence
D:3:      portal_sewer_entry_d
D:4:      nicolae_overflow_hidden_temple, uniq_blork_the_orc, uniq_duvessa
D:5:      grunt_temple_overflow_order_and_chaos_1, serial_glass,
          glass_columns_a, glass_columns_c, first_ration,
          nicolae_dithmenos_through_a_glass_darkly
D:6:      uniq_sigmund
D:7:      minmay_temple_entry_fiery, serial_shops, shop,
          nicolae_ossuary_entry_catacombs, the_bakery
D:8:      minmay_overflow_temple_star_quad, david_lair_shrubbed, serial_shops,
          nicolae_shop_crystal, kennysheep_little_box
D:9:      grunt_temple_overflow_magic_moments, nicolae_gozag_seed_capital,
          lemuel_coloured_pillars_altar, serial_shops, shop, uniq_maurice
D:11:     erik_orc_4, grunt_ministairs_2, lemuel_mausoleum_altar_yredelemnul,
          uniq_fannar
D:12:     cheibrodos_body_horror, basic_altar, serial_glass, glass_columns_a,
          glass_columns_a, feat_on_display, uniq_frances
Temple:   minmay_temple_curvy_loop
Lair:1:   kennysheep_abandoned_house, uniq_grum
Lair:2:   spider_nest_entry_webs, st_stairs_7, worms_lemuel, uniq_sonja
Lair:3:   minmay_swamp_entry_worms, infiniplex_staircase_pool,
          grunt_megastairs_1, uniq_prince_ribbit2
Lair:5:   lemuel_fruit_fields
Lair:6:   hangedman_lair_in_review, guppyfry_lair_end_dragon, slime_altar_2
Sewer:    sewer_co_cracked_pipes
Ossuary:  ossuary_the_hunt_dpeg

Skill      XL: |  1  2  3  4  5  6  7  8  9 10 11 12 13 |
---------------+----------------------------------------+-----
Stealth        | 2 3 4 5 6 7 8 9 |  9.5
Unarmed Combat | 1 2 3 4 5 6 7 9 10 | 10.0
Spellcasting   | 2 3 4 5 7 |  7.2
Conjurations   | 2 3 4 |  4.8
Fire Magic     | 2 3 4 |  4.9
Evocations     | 4 5 6 7 8 |  8.0
Fighting       | 3 4 5 6 |  6.1
Dodging        | 3 5 6 7 |  7.5
Invocations    | 3 5 6 |  6.7
Shields        | 1 3 4 |  4.9
Air Magic      | 3 4 |  4.2
Charms         | 3 4 |  4.3
Necromancy     | 3 4 |  4.3
Transmutations | 5 |  5.7
Earth Magic    | 5 |  5.7
Short Blades   | |  1.0

Action                   |  1- 3 |  4- 6 |  7- 9 | 10-12 | 13-15 || total
-------------------------+-------+-------+-------+-------+-------++-------
Melee: Spear             |    63 |   137 |    60 |       |       ||   260
       Constrict         |    13 |    30 |    52 |   110 |    31 ||   236
       Tentacles         |     6 |    26 |    53 |   193 |    99 ||   377
       Punch             |       |     1 |    20 |    74 |    44 ||   139
       Quarterstaff      |       |       |   195 |   466 |   228 ||   889
       Dagger            |       |       |     2 |       |       ||     2
Throw: Javelin           |       |       |       |     1 |       ||     1
 Cast: Sticky Flame      |       |       |       |    12 |     4 ||    16
       Regeneration      |       |       |       |    23 |    13 ||    36
       Animate Dead      |       |       |       |     2 |    15 ||    17
       Mephitic Cloud    |       |       |       |       |     9 ||     9
       Conjure Flame     |       |       |       |       |     3 ||     3
       Statue Form       |       |       |       |       |     2 ||     2
Invok: Slouch            |       |       |       |     3 |     4 ||     7
Evoke: Wand              |     3 |    12 |    51 |    81 |     1 ||   148
  Use: Scroll            |       |     2 |     7 |    16 |     4 ||    29
       Potion            |       |     2 |     6 |    17 |     9 ||    34
 Stab: Sleeping          |    10 |    10 |    13 |    11 |     2 ||    46
       Distracted        |       |     2 |     1 |     3 |     4 ||    10
       Betrayed ally     |       |       |       |     1 |       ||     1
       Confused          |       |       |       |       |     4 ||     4
  Eat: Chunk             |       |     3 |     5 |    10 |     2 ||    20
       Ration            |       |       |       |       |     2 ||     2
Armor: Skin              |     1 |     2 |    37 |    73 |    78 ||   191
Dodge: Dodged            |    25 |    66 |   259 |   629 |   338 ||  1317

Table legend:
 A = Spawn XP
 B = Non-spawn XP
 C = Spawn XP percentage of total XP
 D = Spawn monster count
 E = Non-spawn monster count
 F = Spawn count percentage of total count
 G = Total turns spent on level
                    A         B        C        D         E        F      G
               +---------+---------+-------+---------+---------+-------+---------
         Total |       0 |   55932 |   0.0 |       0 |     497 |   0.0 |  8930
               +---------+---------+-------+---------+---------+-------+---------
           D:1 |       0 |      27 |   0.0 |       0 |      17 |   0.0 |   352
           D:2 |       0 |     101 |   0.0 |       0 |      20 |   0.0 |   326
           D:3 |       0 |     131 |   0.0 |       0 |      17 |   0.0 |   408
           D:4 |       0 |      84 |   0.0 |       0 |      12 |   0.0 |   382
           D:5 |       0 |     335 |   0.0 |       0 |      20 |   0.0 |   493
           D:6 |       0 |    1922 |   0.0 |       0 |      29 |   0.0 |   837
           D:7 |       0 |    1374 |   0.0 |       0 |      24 |   0.0 |   530
           D:8 |       0 |    3305 |   0.0 |       0 |      42 |   0.0 |   775
           D:9 |       0 |    2573 |   0.0 |       0 |      28 |   0.0 |   399
          D:10 |       0 |    4532 |   0.0 |       0 |      37 |   0.0 |   602
          D:11 |       0 |    5641 |   0.0 |       0 |      47 |   0.0 |   537
        Lair:1 |       0 |    3538 |   0.0 |       0 |      33 |   0.0 |   449
        Lair:2 |       0 |    4509 |   0.0 |       0 |      33 |   0.0 |   676
        Lair:3 |       0 |    5724 |   0.0 |       0 |      23 |   0.0 |   495
        Lair:4 |       0 |    4107 |   0.0 |       0 |      23 |   0.0 |   292
        Lair:5 |       0 |    1408 |   0.0 |       0 |       6 |   0.0 |   303
        Lair:6 |       0 |   16303 |   0.0 |       0 |      55 |   0.0 |   598
         Sewer |       0 |      41 |   0.0 |       0 |      17 |   0.0 |   233
       Ossuary |       0 |     277 |   0.0 |       0 |      14 |   0.0 |   199
               +---------+---------+-------+---------+---------+-------+---------
